 Dungeon Crawl Stone Soup version 0.24-a0-525-g9231cdcba1 (webtiles) character file.

Game seed: 17450267227945662285

90 Gargoyl the Skirmisher (level 4, -2/38 HPs)
             Began as a Centaur Abyssal Knight on Aug 2, 2019.
             Was a Believer of Lugonu.
             Slain by an adder (3 damage)
             ... on level 3 of the Dungeon.
             The game lasted 00:04:53 (3249 turns).

Gargoyl the Skirmisher (Centaur Abyssal Knight)     Turns: 3249, Time: 00:04:54

Health: -2/38      AC:  9    Str: 14    XL:     4   Next: 32%
Magic:  5/5        EV:  4    Int: 11    God:    Lugonu [**....]
Gold:   138        SH:  0    Dex: 10    Spells: 3/3 levels left

rFire    . . .     SeeInvis .   d - +0 broad axe
rCold    . . .     Gourm    .   (no shield)
rNeg     . . .     Faith    .   h - +0 chain mail
rPois    .         Spirit   .   (no helmet)
rElec    .         Reflect  .   (no cloak)
rCorr    .         Harm     .   f - +1 pair of gloves
MR       .....                  (no barding)
Stlth    ..........             g - amulet of inaccuracy (curse)
HPRegen  0.12/turn              (no ring)
MPRegen  0.09/turn              (no ring)

@: lethally poisoned (-2 -> -8), very quick
A: large, hooves 3, deformed body, speed 2, tough skin 3
a: Depart the Abyss, Bend Space, Renounce Religion


You were on level 3 of the Dungeon.
You worshipped Lugonu.
Lugonu was pleased with you.
You were not hungry.

You visited 1 branch of the dungeon, and saw 3 of its levels.
You visited the Abyss 1 time.

You collected 138 gold pieces.

Inventory:

Hand Weapons
 a - a +2 hand axe
 d - a +0 broad axe (weapon)
Missiles
 j - 6 boomerangs (quivered)
Armour
 f - a +1 pair of gloves (worn)
 h - a +0 chain mail (worn)
Jewellery
 g - a cursed amulet of inaccuracy (around neck)
Potions
 b - a potion of curing {unknown}
 i - 2 potions of lignification
Comestibles
 c - 4 rations


   Skills:
 + Level 3.5 Fighting
 + Level 2.4 Axes
 * Level 2.1 Armour
 * Level 1.4 Dodging
 * Level 2.5 Invocations


You had 3 spell levels left.
You didn't know any spells.
Your spell library was empty.

Dungeon Overview and Level Annotations

Branches:
Dungeon (3/15)

Altars:
Fedhas


Innate Abilities, Weirdness & Mutations

You have hooves in place of feet.
Armour fits poorly on your strangely shaped body.
You cover ground very quickly.
You have extremely tough skin. (AC +3)


Message History

You completely miss the adder. Your kick misses the adder.
The adder is heavily wounded.
You feel sick.
The adder bites you but does no damage. x2
You closely miss the adder. Your kick misses the adder.
The adder is heavily wounded.
The adder bites you but does no damage. x2
Your chain mail prevents you from hitting the adder.
Your kick misses the adder.
The adder is heavily wounded.
You feel sick. The adder bites you.
* * * LOW HITPOINT WARNING * * *
The adder bites you.
* * * LOW HITPOINT WARNING * * *
You are more poisoned.
The adder poisons you!
You closely miss the adder. Your kick misses the adder.
The adder is heavily wounded.
* * * LOW HITPOINT WARNING * * *
You feel sick. The adder bites you.
You die...

#.#########.#
#.# #.# ###.#
#S# ....# #.#
#####
#.######## .#
#..S.....# .#
#######.##
...... #....#
.#.### #@S#.#
.# # ######
.# ##


You could see an adder.

Vanquished Creatures
  3 adders (D:2)
  An ufetubus (Abyss:1)
  An ooze (D:2)
  A worm (D:2)
  3 dart slugs
  A ball python (D:1)
  A giant cockroach (D:2)
  7 goblins
  2 hobgoblins
  A quokka (D:2)
  8 bats
  2 frilled lizards
  9 kobolds
  6 rats
46 creatures vanquished.

Notes
Turn   | Place    | Note
-------+----------+-------------------------------------------
     0 | Abyss:1  | Gargoyl the Centaur Abyssal Knight began the quest for the
                  | Orb.
     0 | Abyss:1  | Reached XP level 1. HP: 19/19 MP: 2/2
    58 | Abyss:1  | Noticed a spatial vortex
    85 | Abyss:1  | Noticed a spatial vortex
    92 | Abyss:1  | Noticed a fire bat
    94 | Abyss:1  | Noticed a spatial vortex
    98 | Abyss:2  | Found a corrupted altar of Lugonu.
   143 | Abyss:3  | Noticed a neqoxec
   169 | Abyss:3  | Noticed a large abomination
   187 | Abyss:3  | Noticed a tarantella
   188 | Abyss:3  | Noticed a hornet
   188 | Abyss:3  | Noticed an orb spider
   207 | Abyss:4  | Noticed a spatial vortex
   230 | Abyss:4  | Noticed a wretched star
   231 | D:1      | Escaped the Abyss
   257 | D:1      | Reached * piety under Lugonu
   268 | D:1      | Reached XP level 2. HP: 25/26 MP: 3/3
  1085 | D:1      | Reached skill level 1 in Dodging
  1117 | D:1      | Reached XP level 3. HP: 30/31 MP: 4/4
  1538 | D:2      | Reached ** piety under Lugonu
  1869 | D:2      | Reached XP level 4. HP: 32/38 MP: 5/5
  2438 | D:2      | Found a blossoming altar of Fedhas.
  3249 | D:3      | HP: 1/38 [poisoned by an adder]
  3249 | D:3      | Slain by an adder

Levels and vault maps discovered:
D:1:      nzn_arrival_crosshair, layout_loops_ring, minivault_25,
          chequers_avenue, chequers_serial_rivers_small_3
D:2:      layout_basic, minmay_misc_feat_pillars, fedhas_altar_2
D:3:      layout_basic, first_ration

Skill      XL: |  1  2  3 |
---------------+----------+-----
Axes           | 2 |  2.4
Dodging        | 1 |  1.4
Armour         | 2 |  2.1
Fighting       | |  3.5
Invocations    | |  2.5

Action                   |  1- 3 |  4- 6 || total
-------------------------+-------+-------++-------
Melee: Broad axe         |    96 |    95 ||   191
       Kick              |    12 |     8 ||    20
       Hand axe          |     1 |       ||     1
Invok: Depart the Abyss  |     1 |       ||     1
  Use: Scroll            |     7 |     3 ||    10
       Potion            |     3 |       ||     3
  Eat: Chunk             |     2 |     2 ||     4
       Ration            |       |     1 ||     1
Armor: Leather armour    |    78 |    22 ||   100
       Skin              |    34 |       ||    34
       Chain mail        |       |    64 ||    64
Dodge: Dodged            |    83 |    30 ||   113

Table legend:
 A = Non-vault XP
 B = Vault XP
 C = Vault XP percentage of total XP
 D = Non-vault monster count
 E = Vault monster count
 F = Vault count percentage of total count
                 A         B        C        D         E       F
            +---------+---------+-------+---------+---------+-------
      Total |     129 |       0 |   0.0 |      46 |       0 |   0.0
            +---------+---------+-------+---------+---------+-------
        D:1 |      38 |       0 |   0.0 |      23 |       0 |   0.0
        D:2 |      83 |       0 |   0.0 |      22 |       0 |   0.0
    Abyss:1 |       8 |       0 |   0.0 |       1 |       0 |   0.0
            +---------+---------+-------+---------+---------+-------
